Unix NetHack Version 5.0.0-0 post-release - last build Jun 10 2026 00:39:30 (3ee93aec679c4c4259841fe613dc97188e26a321,branch:main).

Game began 2026-06-21 14:24:12, ended 2026-06-21 14:30:29.

DaveT, lawful male human Priest

              -----           ------
   ------     |....#          |....|
   |....|     |.<.|#      $   |....|        -----------
   |....|#####-...|#          |....|        |..........
   |>....#    |...|#          |....|       #..........|
   |....|     -----#          |....-########|.........|
   |(...|         ##  $       |....|    ####-.........|
   ------       ###           -.----        -.---------
                #              #             ###
                #-------     $ #     $         #                        $
                #|.....-##     #               #
           $    #|."...| #     ###             #                      --------
                #-.....| #   ----.--        ---.-                     .[(%+[+|
                 ------- #   |.....|   $    |....#######             |./(=[=+|
                         ##  |..)..|        |...|      ##############@F+!/?))|
                          ###-.....|        |...|                    ---------
     $                       -.-----        -----
                              #
DaveT the Acolyte            St:12 Dx:13 Co:12 In:11 Wi:18 Ch:9  Lawful
Dlvl:3  $:234 HP:0(27) Pw:32(32) AC:4  Xp:3 T:1569  Burdened Hallu

Latest messages:
 You have a little trouble lifting y - a runed dagger.
 You miss the dust vortex.
 You kill the marilith!
 You find a hidden passage.
 The leather golem misses it.
 You miss the ettin.
 The bone devil bites!
 You miss the ogre king.
 The ettin mummy bites!
 You kill the haggler!
 You see here a jackal corpse.
 There is a jackal corpse here; eat it? [ynq] (n) y
 This jackal corpse is copacetic.
 The mandelbug bites!
 You stop eating the jackal corpse.
 You kill the marilith!
 You see here a partly eaten jackal corpse.
 There is a partly eaten jackal corpse here; eat it? [ynq] (n) y
 You resume your meal.
 You finish eating the jackal corpse.
 You miss the manes.
 You hit the forest centaur.
 You kill the Angel!
 You see here a cursed ring.
 You have a little trouble lifting z - a cursed ring.
 You attack thin air.
 You see here 7 gold pieces.
 You have a little trouble lifting $ - 7 gold pieces (234 in total).
 You see here a scroll.
 You have a little trouble lifting A - a scroll.
 You see here 2 food rations.
 You have a little trouble lifting B - 2 food rations.
 You see here a blindfold.
 You have a little trouble lifting C - a blindfold.
 You hear the chime of a cash register.
 You find a hidden passage.
 You hear the chime of a cash register.
 That door is closed.
 The door resists!
 The door opens.
 "Hello, DaveT!  Welcome to Juyn's used armor dealership!"
 "Will you please leave your mattock outside?"
 The giant mummy hits!
 The baby silver dragon hits again!
 You do not owe Donmyar anything.
 The bugbear hits!
 You die...
 Akhalataki gratefully inherits all your possessions.
 Do you want to see what you had when you died? [ynq] (y) y
 Do you want to see your attributes? [ynq] (y) q

Inventory:
 Coins    ('$')
  $ - 234 gold pieces
 Weapons  (')')
  o - 5 +0 darts
  y - a +0 elven dagger
  m - a +0 orcish dagger
  s - a cursed +0 dwarvish mattock
  a - a blessed +1 mace (weapon in right hand)
 Armor    ('[')
  c - a +0 small shield (being worn)
  p - a cursed +0 alchemy smock with text "Rat: The other white meat"
  b - a +0 robe (being worn)
  l - a +0 ring mail (being worn)
 Comestibles  ('%')
  e - a clove of garlic
  w - a food ration
  B - 2 food rations
  f - a sprig of wolfsbane
 Scrolls  ('?')
  A - a scroll of magic mapping
 Potions  ('!')
  q - 4 potions of healing
  d - 4 potions of holy water
 Rings    ('=')
  z - a cursed ring of aggravate monster
  t - a ring of conflict (on left hand)
 Wands    ('/')
  j - a wand of digging (0:6)
 Tools    ('(')
  C - a blindfold
  i - an oil lamp
 Gems/Stones  ('*')
  k - a worthless piece of black glass

DaveT the Priest's attributes:

Background:
 You were an Acolyte, a level 3 human Priest.
 You were lawful, on a mission for Athena
 who was opposed by Hermes (neutral) and Poseidon (chaotic).
 You were right-handed.
 You were in the Dungeons of Doom, on level 3.
 You entered the dungeon 1569 turns ago.
 You had 59 experience points, 21 more were needed to attain level 4.

Basics:
 You had 0 out of 27 hit points.
 You had all 32 energy points (spell power).
 Your armor class was 4.
 Your wallet contained 234 buckazoids.
 Autopickup was off.

Final Characteristics:
 Your strength was 12 (limit:18/100).
 Your dexterity was 13 (limit:18).
 Your constitution was 12 (limit:18).
 Your intelligence was 11 (limit:18).
 Your wisdom was 18 (limit:18).
 Your charisma was 9 (limit:18).

Final Status:
 You were hallucinating.
 You weren't hungry.
 You were burdened; movement was slightly slowed.
 You were wielding a mace.
 You had basic skill with mace.

Final Attributes:
 You were fervently aligned.
 You caused conflict.
 You were guarded.
 Your spell casting was impaired by metallic armor, mitigated by your robe.
 You are dead.

Miscellaneous:
 You didn't encounter any bones levels.
 Total elapsed playing time was 6 minutes and 16 seconds.

Major events:
 Turn
    1: DaveT the lawful human Priest entered the dungeon
 1362: attained the rank of Acolyte (level 3)
 1569: killed by hallucinogen-distorted Mr. Lahinch; the shopkeeper

Spells:
 Name                 Level Category     Fail Retention
 healing                1   healing       13%  76%-100%
 remove curse           3   clerical       0%  91%-100%

Skills:
 Fighting Skills
   bare handed combat [Unskilled]
 Weapon Skills
   club               [Unskilled]
   mace               [Basic]
   morning star       [Unskilled]
   flail              [Unskilled]
   hammer             [Unskilled]
   quarterstaff       [Unskilled]
   polearms           [Unskilled]
   spear              [Unskilled]
   trident            [Unskilled]
   lance              [Unskilled]
   bow                [Unskilled]
   sling              [Unskilled]
   crossbow           [Unskilled]
   dart               [Unskilled]
   shuriken           [Unskilled]
   boomerang          [Unskilled]
   unicorn horn       [Unskilled]
 Spellcasting Skills
   healing spells     [Unskilled]
   divination spells  [Unskilled]
   clerical spells    [Basic]

Voluntary challenges:
 Character rerolling was not enabled.
 You never genocided any monsters.
 You never polymorphed an object.
 You never changed form.
 You used no wishes.
Achievements:
 You entered a shop.
 You attained the rank of Acolyte.

 The Dungeons of Doom: levels 1 to 4
    Level 1: "vault"
       An altar to Athena.
    Level 2:
       A general store.
    Level 3: <- You were here.
       An armor shop.
       Final resting place for
          you, killed by hallucinogen-distorted Mr. Lahinch; the shopkeeper.
    Level 4:


Vanquished creatures:
 an acid blob
  2 coyotes
  a hobbit
  a brown mold
  a yellow mold
  2 geckos
  9 jackals
  a kobold
  a goblin
  5 grid bugs
  3 lichens
  3 newts
30 creatures vanquished.

No species were genocided or became extinct.

Game over:
                       ----------
                      /          \
                     /    REST    \
                    /      IN      \
                   /     PEACE      \
                  /                  \
                  |      DaveT       |
                  |      234 Au      |
                  |    killed by     |
                  | hallucinogen-dis |
                  |    torted Mr.    |
                  |   Lahinch; the   |
                  |       2026       |
                 *|     *  *  *      | *
        _________)/\\_//(\/(/\)/\//\/|_)_______

Goodbye DaveT the Priest...

You died in The Dungeons of Doom on dungeon level 3 with 647 points,
and 234 pieces of gold, after 1569 moves.
You were level 3 with a maximum of 27 hit points when you died.

